 Dungeon Crawl Stone Soup version 0.27.0-1-g7a089689b8 (webtiles) character file.

Game seed: 5468958260459908916

59 ZARRMARR the Magician (level 3, -4/24 HPs)
             Began as a Demonspawn Hedge Wizard on Aug 16, 2021.
             Killed from afar by Natasha (10 damage)
             ... with a magic dart
             ... on level 2 of the Dungeon.
             The game lasted 00:09:06 (2471 turns).

ZARRMARR the Magician (Demonspawn Hedge Wizard)     Turns: 2471, Time: 00:09:07

Health: -4/24      AC:  2    Str: 10    XL:     3   Next: 78%
Magic:  5/8        EV: 12    Int: 16    God:
Gold:   69         SH:  0    Dex: 12    Spells: 8/9 levels left

rFire    + . .     SeeInvis .   a - +0 dagger
rCold    . . .     Faith    .   (no shield)
rNeg     . . .     Spirit   .   b - +0 robe
rPois    .         Reflect  .   c - +0 hat
rElec    .         Harm     .   (no cloak)
rCorr    .         Rampage  .   (no gloves)
Will     .....                  (no boots)
Stlth    ++........             (no amulet)
HPRegen  0.08/turn              i - ring of protection from fire
MPRegen  0.11/turn              (no ring)

@: no status effects
A: foul stench 2
a: no special abilities


You were on level 2 of the Dungeon.
You visited 1 branch of the dungeon, and saw 2 of its levels.

You collected 69 gold pieces.

Inventory:

Hand Weapons
 a - a +0 dagger (weapon)
Armour
 b - a +0 robe (worn)
 c - a +0 hat (worn)
Jewellery
 i - a ring of protection from fire (left hand)
Scrolls
 k - a scroll of noise {unknown}
Potions
 d - a potion of haste {unknown}
 e - 3 potions of curing
 f - a potion of mutation {unknown}
 g - 2 potions of lignification {unknown}
 h - a potion of degeneration {unknown}
 j - a potion of invisibility {unknown}
 l - a potion of might {unknown}


   Skills:
 + Level 0.2 Fighting
 + Level 1.2 Short Blades
 + Level 2.1 Dodging
 + Level 1.8 Stealth
 + Level 3.6 Spellcasting
 + Level 1.6 Conjurations
 + Level 1.0 Summonings
 + Level 1.0 Translocations


You had 8 spell levels left.
You knew the following spells:

 Your Spells              Type           Power      Damage    Failure   Level
a - Magic Dart            Conj           32%        1d4       9%          1

Your spell library contained the following spells:

 Spells                   Type           Power      Damage    Failure   Level
 Blink                    Tloc           N/A        N/A       17%         2
 Call Imp                 Summ           6%         N/A       17%         2
 Slow                     Hex            2%         N/A       26%         2
 Conjure Flame            Conj/Fire      5%         6-21      36%         3
 Mephitic Cloud           Conj/Pois/Air  4%         N/A       38%         3


Dungeon Overview and Level Annotations

Branches:
Dungeon (2/15)

Altars:

Shops:
D:1 !

Annotations:
D:2 Natasha


Innate Abilities, Weirdness & Mutations

You sometimes emit foul miasma when damaged in melee.


Message History

HP restored.
There is a stone staircase leading down here.
There is a stone staircase leading down here.
You climb downwards.
Level annotation: Natasha Natasha casts a spell at you.
The magic dart hits you.
There is a stone staircase leading up, spattered with blood here.
Casting: Magic Dart (safe; 9% risk of failure)
Confirm with . or Enter, or press ? or * to list all spells.
Aiming: Magic Dart (safe; 9% risk of failure)
Press: ? - help, Shift-Dir - straight line, f - Natasha
Aim: Natasha (100% to hit)
The magic dart hits Natasha.
Natasha is moderately wounded.
You barely miss Natasha.
Natasha is moderately wounded.
Natasha claws you.
Casting: Magic Dart (safe; 9% risk of failure)
Confirm with . or Enter, or press ? or * to list all spells.
Aiming: Magic Dart (safe; 9% risk of failure)
Press: ? - help, Shift-Dir - straight line, f/p - Natasha
Aim: Natasha (lightly wounded, 100% to hit)
The magic dart hits Natasha.
Natasha is moderately wounded.
Natasha claws you.
Casting: Magic Dart (safe; 9% risk of failure)
Confirm with . or Enter, or press ? or * to list all spells.
Aiming: Magic Dart (safe; 9% risk of failure)
Press: ? - help, Shift-Dir - straight line, f/p - Natasha
Aim: Natasha (moderately wounded, 100% to hit)
The magic dart hits Natasha.
Natasha is moderately wounded.
Natasha claws you!
* * * LOW HITPOINT WARNING * * *
You emit a cloud of foul miasma!
Natasha is engulfed in dark miasma.
Natasha is poisoned.
Natasha casts a spell at you. The magic dart hits you!
You die...

..##.####..##### #.#......###
...............#####.#.#####.#
.########.#.....(......# .#
#..............###
.######.#..........###
........#..........#
#######.#.......h..# #
#........#<#...... #
###.##...#@####### #
#.##...#.# # #.######.# # #..
..# # ## ### #


You could see Natasha (poisoned).

Vanquished Creatures
  A gnoll (D:1)
  An adder (D:2)
  A worm (D:2)
  A dart slug (D:1)
  A giant cockroach (D:2)
  5 goblins
  6 hobgoblins
  3 jackals (D:2)
  2 quokkas
  3 ball pythons (D:2)
  3 bats
  6 kobolds (D:1)
  A rat (D:1)
34 creatures vanquished.

Vanquished Creatures (others)
  A plant (D:1)
  3 withered plants (D:1)
4 creatures vanquished.

Grand Total: 38 creatures vanquished

Notes
Turn   | Place    | Note
-------+----------+-------------------------------------------
     0 | D:1      | ZARRMARR the Demonspawn Hedge Wizard began the quest for
                  | the Orb.
     0 | D:1      | Reached XP level 1. HP: 13/13 MP: 4/4
   370 | D:1      | Gained mutation: You may rarely emit foul miasma when
                  | damaged in melee. [demonic ancestry]
   370 | D:1      | Reached XP level 2. HP: 15/19 MP: 0/6
   464 | D:1      | Found Gobroz's Distillery.
   474 | D:1      | Reached skill level 1 in Translocations
   712 | D:1      | Reached skill level 1 in Short Blades
   904 | D:1      | Found a faded altar of an unknown god.
   954 | D:1      | Gained mutation: You sometimes emit foul miasma when
                  | damaged in melee. [demonic ancestry]
   954 | D:1      | Reached XP level 3. HP: 24/24 MP: 2/8
  2383 | D:2      | Noticed Natasha
  2471 | D:2      | Killed from afar by Natasha

Illustrated notes

Levels and vault maps discovered:
D:1:      dpeg_arrival_morbid_curiosity, layout_loops_ring, serial_shops,
          nicolae_shop_trees, shapermc_ecumenical_altar_flowoftime
D:2:      layout_loops_ring, basic_altar, uniq_natasha

Skill      XL: |  1  2 |
---------------+-------+-----
Dodging        | 2 |  2.1
Translocations | 1 |  1.0
Short Blades   | 1 |  1.2
Fighting       | |  0.2
Stealth        | |  1.8
Spellcasting   | |  3.6
Conjurations   | |  1.6
Summonings     | |  1.0

Action                   || total
-------------------------++-------
Melee: Dagger            ||    95
 Cast: Magic Dart        ||    73
  Use: Scroll            ||     1
Armor: Robe              ||    14
Dodge: Dodged            ||    37
